MLB
CLEVELAND SPIDERS @ NEW YORK METS
06/23/2039
 
TOP OF THE 1ST
Cleveland Spiders batting - Pitching for New York Mets : RHP Eric Davis
Pitching: RHP Eric Davis
Batting: SHB Dylan Carmouche 0-0: Foul Ball, location: 2F
0-1: Ball
1-1: Ball
2-1: Ball
3-1: Called Strike
3-2: Ground out U3 (Groundball, 34, EV 85.0 MPH)
Batting: LHB Johnny Tovar 0-0: Called Strike
0-1: Foul Ball, location: 7LMF
0-2: Foul Ball, location: 25F
0-2: Ball
1-2: SOLO HOME RUN (Flyball, 7D, EV 97.5 MPH), Distance : 370 ft
Batting: LHB Jose Murillo 0-0: Foul Ball, location: 25F
0-1: Ground out 1-3 (Groundball, 13S, EV 66.3 MPH)
Batting: SHB Jason Colvin 0-0: Ball
1-0: Swinging Strike
1-1: Swinging Strike
1-2: Foul Ball, location: 3SF
1-2: Foul Ball, location: 2F
1-2: Ball
2-2: Foul Ball, location: 7LMF
2-2: Foul Ball, location: 7LSF
2-2: Strikes out swinging
Top of the 1st over - 1 run, 1 hit, 0 errors, 0 left on base; Cleveland 1 - New York 0
BOTTOM OF THE 1ST
New York Mets batting - Pitching for Cleveland Spiders : LHP Adrian Nevarez
Pitching: LHP Adrian Nevarez
Batting: RHB Henry Cano 0-0: Ball
1-0: Ball
2-0: Ball
3-0: Called Strike
3-1: Fly out, F5 (Popup, 5S, EV 76.3 MPH)
Batting: SHB C.J. Youakim 0-0: Called Strike
0-1: Foul Ball, location: 9LMF
0-2: Ball
1-2: Foul Ball, location: 7LSF
1-2: Fly out, F6 (Popup, 6MD, EV 73.1 MPH)
Batting: RHB Dan Serratos 0-0: Ball
1-0: Ball
2-0: Ball
3-0: Called Strike
3-1: Called Strike
3-2: DOUBLE (Flyball, 8RXD, EV 106.3 MPH)
Batting: RHB Juan Fernandez 0-0: Ball
1-0: Ball
2-0: Called Strike
2-1: Foul Ball, location: 2F
2-2: Fly out, F3 (Popup, 34S, EV 73.1 MPH)
Bottom of the 1st over - 0 runs, 1 hit, 0 errors, 1 left on base; Cleveland 1 - New York 0
TOP OF THE 2ND
Cleveland Spiders batting - Pitching for New York Mets : RHP Eric Davis
Batting: LHB Josh Benson 0-0: Called Strike
0-1: Ball
1-1: Ball
2-1: SINGLE (Line Drive, 9S, EV 102.5 MPH)
Batting: LHB Mike Stiles 0-0: Ball
1-0: SINGLE (Line Drive, 7S, EV 93.8 MPH)
Josh Benson to second
Batting: RHB Roger Navar 0-0: Foul Ball, location: 2F
0-1: Ball
1-1: Fly out, F9 (Flyball, 9, EV 95.0 MPH)
Batting: RHB Kevin Malec 0-0: Called Strike
0-1: Ball
1-1: Ball
2-1: SINGLE (Line Drive, 7S, EV 103.1 MPH)
Josh Benson to third
Mike Stiles to second
Batting: RHB Ted Crigler 0-0: Called Strike
0-1: Ball
1-1: Fly out, F8 (Flyball, 8LD, EV 83.1 MPH)
Runner from 3rd tags up, SCORES, throw by CF
Mike Stiles to third
Batting: SHB Dylan Carmouche 0-0: Swinging Strike
0-1: Swinging Strike
0-2: Ball
1-2: Foul Ball, location: 2F
1-2: SINGLE (Line Drive, 89S, EV 98.1 MPH)
Mike Stiles scores
Kevin Malec to second
Batting: LHB Johnny Tovar 0-0: Foul Ball, location: 3F
0-1: Ball
1-1: Ball
2-1: Foul Ball, location: 2F
2-2: Foul Ball, location: 2F
2-2: Ball
3-2: Strikes out looking
Top of the 2nd over - 2 runs, 4 hits, 0 errors, 2 left on base; Cleveland 3 - New York 0
BOTTOM OF THE 2ND
New York Mets batting - Pitching for Cleveland Spiders : LHP Adrian Nevarez
Batting: RHB Ben Sweeney 0-0: Called Strike
0-1: Ball
1-1: Called Strike
1-2: Ball
2-2: Ball
3-2: SINGLE (Line Drive, 89S, EV 95.0 MPH)
Batting: RHB Chad Stalker 0-0: Called Strike
0-1: Foul Ball, location: 23F
0-2: Ball
1-2: Strikes out swinging
Batting: LHB Zayne Sorto 0-0: Called Strike
0-1: Ball
1-1: 2-RUN HOME RUN (Flyball, 9LD, EV 90.0 MPH), Distance : 348 ft
Batting: RHB Loys Moscoso 0-0: Ball
1-0: Swinging Strike
1-1: Ground out 3-1 (Groundball, 34S, EV 65.6 MPH)
Batting: RHB Julian Moreno 0-0: Called Strike
0-1: Swinging Strike
0-2: Foul Ball, location: 5F
0-2: Ball
1-2: Ball
2-2: Fly out, F6 (Line Drive, 6, EV 65.0 MPH)
Bottom of the 2nd over - 2 runs, 2 hits, 0 errors, 0 left on base; Cleveland 3 - New York 2
TOP OF THE 3RD
Cleveland Spiders batting - Pitching for New York Mets : RHP Eric Davis
Batting: LHB Jose Murillo 0-0: SINGLE (Line Drive, 4D, EV 107.5 MPH)
Batting: SHB Jason Colvin 0-0: Foul Ball, location: 23FF
0-1: Fielders Choice at 2nd, 4-6 (Groundball, 4M, EV 81.3 MPH)
Batting: LHB Josh Benson 0-0: Called Strike
0-1: Ball
1-1: Ball
2-1: Fly out, F8 (Flyball, 8LXD, EV 110.6 MPH)
Batting: LHB Mike Stiles 0-0: Ball
1-0: Swinging Strike
1-1: Foul Ball, location: 2F
1-2: Foul Ball, location: 2F
1-2: Foul Ball, location: 9LSF
1-2: Ball
2-2: Strikes out swinging
Top of the 3rd over - 0 runs, 1 hit, 0 errors, 1 left on base; Cleveland 3 - New York 2
BOTTOM OF THE 3RD
New York Mets batting - Pitching for Cleveland Spiders : LHP Adrian Nevarez
Batting: RHB Henry Cano 0-0: Fly out, F4 (Popup, 34D, EV 61.9 MPH)
Batting: SHB C.J. Youakim 0-0: Ball
1-0: Called Strike
1-1: Called Strike
1-2: Fly out, F8 (Flyball, 8LD, EV 95.6 MPH)
Batting: RHB Dan Serratos 0-0: Called Strike
0-1: Ball
1-1: Ball
2-1: Called Strike
2-2: Ball
3-2: Foul Ball, location: 2F
3-2: Foul Ball, location: 9LSF
3-2: Ground out 6-3 (Groundball, 6, EV 100.6 MPH)
Bottom of the 3rd over - 0 runs, 0 hits, 0 errors, 0 left on base; Cleveland 3 - New York 2
TOP OF THE 4TH
Cleveland Spiders batting - Pitching for New York Mets : RHP Eric Davis
Batting: RHB Roger Navar 0-0: Ball
1-0: Called Strike
1-1: Swinging Strike
1-2: Ball
2-2: Strikes out looking
Batting: RHB Kevin Malec 0-0: Ball
1-0: Called Strike
1-1: SOLO HOME RUN (Flyball, 7D, EV 98.1 MPH), Distance : 395 ft
Batting: RHB Ted Crigler 0-0: Ball
1-0: Foul Ball, location: 3F
1-1: Fly out, F8 (Flyball, 78M, EV 89.4 MPH)
Batting: SHB Dylan Carmouche 0-0: Called Strike
0-1: Foul Ball, location: 7LSF
0-2: Strikes out swinging
Top of the 4th over - 1 run, 1 hit, 0 errors, 0 left on base; Cleveland 4 - New York 2
BOTTOM OF THE 4TH
New York Mets batting - Pitching for Cleveland Spiders : LHP Adrian Nevarez
Batting: RHB Juan Fernandez 0-0: Ball
1-0: Ball
2-0: Ball
3-0: Called Strike
3-1: Foul Ball, location: 9LMF
3-2: Strikes out swinging, 2-3 out at first.
Batting: RHB Ben Sweeney 0-0: Called Strike
0-1: Ball
1-1: Ball
2-1: Called Strike
2-2: Strikes out swinging
Batting: RHB Chad Stalker 0-0: Ground out 2-3 (Groundball, 15S, EV 71.3 MPH)
Bottom of the 4th over - 0 runs, 0 hits, 0 errors, 0 left on base; Cleveland 4 - New York 2
TOP OF THE 5TH
Cleveland Spiders batting - Pitching for New York Mets : RHP Eric Davis
Batting: LHB Johnny Tovar 0-0: Ball
1-0: Called Strike
1-1: Hit by Pitch
Batting: LHB Jose Murillo 0-0: Swinging Strike
0-1: Ball
1-1: Ball
2-1: SINGLE (Groundball, 13, EV 80.6 MPH) (infield hit)
Johnny Tovar to second
Pitching: RHP Jose Gutierrez
Batting: SHB Jason Colvin 0-0: Ball
1-0: Fielders Choice at 2nd, 6-4 (Groundball, 6, EV 88.8 MPH)
Johnny Tovar to third
Batting: LHB Josh Benson 0-0: Ball
1-0: Swinging Strike
1-1: Foul Ball, location: 9LMF
1-2: SINGLE (Flyball, 78S, EV 96.9 MPH)
Johnny Tovar scores
Jason Colvin to second
Batting: LHB Mike Stiles 0-0: Grounds into double play, 3-6-3 (Groundball, 3, EV 101.3 MPH)
Top of the 5th over - 1 run, 2 hits, 0 errors, 1 left on base; Cleveland 5 - New York 2
BOTTOM OF THE 5TH
New York Mets batting - Pitching for Cleveland Spiders : LHP Adrian Nevarez
Batting: LHB Zayne Sorto 0-0: Ground out 4-3 (Groundball, 4, EV 86.3 MPH)
Batting: RHB Loys Moscoso 0-0: Foul Ball, location: 23F
0-1: Foul Ball, location: 2F
0-2: Ball
1-2: Strikes out swinging
Batting: RHB Julian Moreno 0-0: Foul Ball, location: 9LDF
0-1: Ball
1-1: Ball
2-1: Foul Ball, location: 23F
2-2: Strikes out swinging
Bottom of the 5th over - 0 runs, 0 hits, 0 errors, 0 left on base; Cleveland 5 - New York 2
TOP OF THE 6TH
Cleveland Spiders batting - Pitching for New York Mets : RHP Jose Gutierrez
Batting: RHB Roger Navar 0-0: Ball
1-0: Ball
2-0: Foul Ball, location: 2F
2-1: Called Strike
2-2: Ball
3-2: Hit by Pitch
Batting: RHB Kevin Malec 0-0: Called Strike
0-1: Ball
1-1: Fly out, F8 (Flyball, 8RM, EV 98.8 MPH)
Batting: RHB Ted Crigler 0-0: SINGLE (Groundball, 56D, EV 104.4 MPH)
Roger Navar to second
Batting: SHB Dylan Carmouche 0-0: Ball
1-0: Fly out, F9 (Flyball, 9, EV 90.6 MPH)
Batting: LHB Johnny Tovar 0-0: Ball
1-0: Ball
2-0: Called Strike
2-1: Ball
3-1: Called Strike
3-2: Base on Balls
Roger Navar to third
Ted Crigler to second
Batting: LHB Jose Murillo 0-0: Foul Ball, location: 2F
0-1: Ball
1-1: Called Strike
1-2: Foul Ball, location: 2RF
1-2: Foul Ball, location: 7LSF
1-2: Ball
2-2: SINGLE (Line Drive, 6MD, EV 94.4 MPH)
Roger Navar scores
Ted Crigler to third
Johnny Tovar to second
Runner from 3rd tries for Home, SAFE, throw by CF to home
Batting: SHB Jason Colvin 0-0: Fly out, F9 (Line Drive, 9S, EV 93.1 MPH)
Top of the 6th over - 2 runs, 2 hits, 0 errors, 2 left on base; Cleveland 7 - New York 2
BOTTOM OF THE 6TH
New York Mets batting - Pitching for Cleveland Spiders : LHP Adrian Nevarez
Batting: RHB Henry Cano 0-0: Called Strike
0-1: Foul Ball, location: 5FF
0-2: Foul Ball, location: 5DF
0-2: Ball
1-2: Ground out 4-3 (Groundball, 4, EV 87.5 MPH)
Pitching: RHP Mike Sublette
Batting: SHB C.J. Youakim 0-0: Ball
1-0: Ball
2-0: Foul Ball, location: 3F
2-1: Foul Ball, location: 3DF
2-2: Reached via error on a dropped throw from 2B, E3 (Groundball, 4, EV 81.9 MPH)
Batting: RHB Dan Serratos 0-0: Ball
1-0: Called Strike
1-1: Fly out, F8 (Flyball, 8LXD, EV 102.5 MPH)
Batting: RHB Juan Fernandez 0-0: Ball
1-0: Swinging Strike
1-1: Foul Ball, location: 3F
1-2: Foul Ball, location: 5FF
1-2: Foul Ball, location: 3F
1-2: Foul Ball, location: 9LMF
1-2: Fly out, F1 (Popup, P, EV 84.4 MPH)
Bottom of the 6th over - 0 runs, 0 hits, 1 error, 1 left on base; Cleveland 7 - New York 2
TOP OF THE 7TH
Cleveland Spiders batting - Pitching for New York Mets : RHP Jose Gutierrez
Batting: LHB Josh Benson 0-0: SINGLE (Flyball, 56D, EV 90.0 MPH)
Pitching: RHP Chris Eggemeyer
Batting: LHB Mike Stiles 0-0: Ball
1-0: Ball
2-0: Foul Ball, location: 2F
2-1: Foul Ball, location: 5F
2-2: Strikes out swinging
Batting: RHB Roger Navar 0-0: Reached on error, E6 (Groundball, 6M, EV 107.5 MPH)
Josh Benson to second
Batting: RHB Kevin Malec 0-0: SINGLE (Line Drive, 56D, EV 97.5 MPH)
Josh Benson to third
Roger Navar to second
Batting: RHB Ted Crigler 0-0: Ball
1-0: Fly out, F8 (Flyball, 8RM, EV 87.5 MPH)
Runner from 3rd tags up, SCORES, throw by CF
Batting: SHB Dylan Carmouche 0-0: Ball
1-0: Ball
2-0: Ball
3-0: Base on Balls
Roger Navar to third
Kevin Malec to second
Batting: LHB Johnny Tovar 0-0: Ball
1-0: Ball
2-0: Called Strike
2-1: Ball
3-1: Base on Balls
Roger Navar scores
Kevin Malec to third
Dylan Carmouche to second
Pinch Hitting: RHB Danny Hertz 0-0: Fielders Choice at 2nd, 6-4 (Groundball, 6, EV 80.6 MPH)
Top of the 7th over - 2 runs, 2 hits, 1 error, 3 left on base; Cleveland 9 - New York 2
BOTTOM OF THE 7TH
New York Mets batting - Pitching for Cleveland Spiders : RHP Mike Sublette
Now at 1B: Danny Hertz
Batting: RHB Ben Sweeney 0-0: Ball
1-0: DOUBLE (Groundball, 5L, EV 98.1 MPH)
Pinch Hitting: LHB Luis Trejo 0-0: Ball
1-0: Called Strike
1-1: Called Strike
1-2: Ball
2-2: Ball
3-2: Ground out 4-3 (Groundball, 4, EV 85.6 MPH)
Ben Sweeney to third
Batting: LHB Zayne Sorto 0-0: Ball
1-0: Called Strike
1-1: Swinging Strike
1-2: Foul Ball, location: 2F
1-2: Ball
2-2: Fly out, F4 (Popup, 23, EV 90.0 MPH)
Batting: RHB Loys Moscoso 0-0: Ball
1-0: Called Strike
1-1: Ball
2-1: Foul Ball, location: 5DF
2-2: Strikes out looking
Bottom of the 7th over - 0 runs, 1 hit, 0 errors, 1 left on base; Cleveland 9 - New York 2
TOP OF THE 8TH
Cleveland Spiders batting - Pitching for New York Mets : RHP Chris Eggemeyer
Now at 1B: Zayne Sorto
Now in LF: Juan Fernandez
Now in RF: Luis Trejo
Batting: SHB Jason Colvin 0-0: DOUBLE (Flyball, 8LXD, EV 98.1 MPH)
Batting: LHB Josh Benson 0-0: Ball
1-0: Called Strike
1-1: Called Strike
1-2: Ball
2-2: Strikes out swinging
Batting: LHB Mike Stiles 0-0: Ball
1-0: Swinging Strike
1-1: Foul Ball, location: 2F
1-2: Foul Ball, location: 2F
1-2: Strikes out swinging
Batting: RHB Roger Navar 0-0: Ball
1-0: Called Strike
1-1: Ball
2-1: Foul Ball, location: 2F
2-2: DOUBLE (Line Drive, 7LM, EV 100.6 MPH)
Jason Colvin scores
Batting: RHB Kevin Malec 0-0: Called Strike
0-1: Swinging Strike
0-2: Ball
1-2: Ball
2-2: Fly out, F7 (Flyball, 7S, EV 80.6 MPH)
Top of the 8th over - 1 run, 2 hits, 0 errors, 1 left on base; Cleveland 10 - New York 2
BOTTOM OF THE 8TH
New York Mets batting - Pitching for Cleveland Spiders : RHP Mike Sublette
Batting: RHB Julian Moreno 0-0: Foul Ball, location: 3F
0-1: Ball
1-1: Ball
2-1: Swinging Strike
2-2: Strikes out swinging
Batting: RHB Henry Cano 0-0: Foul Ball, location: 3FF
0-1: Called Strike
0-2: Ball
1-2: Fly out, F4 (Popup, 4MD, EV 48.8 MPH)
Batting: SHB C.J. Youakim 0-0: Ball
1-0: Ground out 5-3 (Groundball, 5, EV 81.9 MPH)
Bottom of the 8th over - 0 runs, 0 hits, 0 errors, 0 left on base; Cleveland 10 - New York 2
TOP OF THE 9TH
Cleveland Spiders batting - Pitching for New York Mets : RHP Chris Eggemeyer
Pitching: RHP C.J. Fuentes
Batting: RHB Ted Crigler 0-0: Ball
1-0: Called Strike
1-1: Foul Ball, location: 2F
1-2: Strikes out swinging
Batting: SHB Dylan Carmouche 0-0: Swinging Strike
0-1: Ball
1-1: Swinging Strike
1-2: Ball
2-2: Foul Ball, location: 9LMFF
2-2: Foul Ball, location: 2F
2-2: Strikes out swinging
Batting: LHB Johnny Tovar 0-0: Called Strike
0-1: Ball
1-1: Swinging Strike
1-2: Strikes out swinging
Top of the 9th over - 0 runs, 0 hits, 0 errors, 0 left on base; Cleveland 10 - New York 2
BOTTOM OF THE 9TH
New York Mets batting - Pitching for Cleveland Spiders : RHP Mike Sublette
Pitching: RHP Juan Gutierrez
Batting: RHB Dan Serratos 0-0: Ball
1-0: Ball
2-0: Ground out 5-3 (Groundball, 5, EV 85.0 MPH)
Batting: RHB Juan Fernandez 0-0: Ball
1-0: Swinging Strike
1-1: Foul Ball, location: 3FF
1-2: Strikes out looking
Batting: RHB Ben Sweeney 0-0: Ball
1-0: Fly out, F7 (Flyball, 78M, EV 90.0 MPH)
Bottom of the 9th over - 0 runs, 0 hits, 0 errors, 0 left on base; Cleveland 10 - New York 2
Wednesday, April 17th , 2024 - OOTP Baseball 24.11 Build 85